AoeStats
← MrBunnyKebab

Team Islands

503160375Analyzed
4v4 RM · 1mo ago on Aug 30, 2026· 47m 18s· 8 players
Game mode
Random Map
Map size
242×242
Population
200
Speed
Normal
Resources
Standard
Victory
Conquest
Starting age
Dark Age
Ending age
Imperial Age
RankedLock teamsTeams togetherTeam positionsShared explorationLock speedFull tech treeHidden civsTurbo modeCheats
Victory
Defeat
🇫🇷 Burgundians · France
1709
+11
🇫🇷 Shu · France
1591
+16
🇫🇷 Malay · France
1567
+17
🇫🇷 Berbers · France
1541
+22
🇧🇷 Mapuche · Brazil
1659
-19
🇨🇳 Bengalis · China
1601
-16
🇷🇺 Chinese · Russia
1586
-15
🇺🇸 Hindustanis · United States
1531
-13
MrBunnyKebab
9:58 Feudal Age
10:40 Double-Bit Axe
11:19 Fishing Lines
11:26 Fishing Lines
16:57 Horse Collar
17:22 Loom
21:17 Castle Age
22:08 Medium Warships
23:41 Bow Saw
24:09 Gillnets
23:40 Demolition Ship
26:26 Clinker Construction
27:11 Wheelbarrow
27:13 Careening
27:36 Scale Mail Armor
29:48 Town Watch
30:27 Fletching
33:05 Ballistics
32:42 Bodkin Arrow
32:51 Heavy Plow
36:29 Imperial Age
35:13 Padded Archer Armor
36:10 Hand Cart
37:19 Bracer
38:20 Chemistry
38:23 Heavy Warships
37:20 Heavy Demolition Ship
38:05 Capped Ram
38:57 Gold Mining
39:24 Leather Archer Armor
42:43 Shipwright
43:37 Murder Holes
47:50 Two-Man Saw
47:27 Gold Shaft Mining
INeedHelp
8:15 Loom
8:35 Loom
10:29 Feudal Age
10:59 Double-Bit Axe
15:15 Loom
17:42 Castle Age
16:11 Scale Barding Armor
25:01 Bow Saw
24:40 Horse Collar
27:21 Wheelbarrow
26:35 Town Watch
27:28 Gold Mining
28:19 Bloodlines
28:40 Heavy Plow
31:43 Husbandry
34:24 Imperial Age
32:24 Stone Mining
33:17 Fletching
34:00 Bodkin Arrow
34:27 Ballistics
34:17 Masonry
35:43 Conscription
35:27 Grand Trunk Road
35:45 Hand Cart
35:35 Scale Mail Armor
35:46 Forging
36:10 Medium Warships
36:32 Chain Mail Armor
36:27 Squires
36:13 Arson
37:46 Chemistry
38:32 Bracer
39:15 Heavy Warships
41:05 Two-Man Saw
41:42 Elite Cannon Galleon
44:11 Chain Barding Armor
43:25 Heavy Camel Rider
45:55 Iron Casting
LSKingdom9970
9:25 Loom
11:11 Feudal Age
12:32 Double-Bit Axe
15:21 Castle Age
13:28 Horse Collar
14:41 Fletching
16:01 Bodkin Arrow
16:28 Bow Saw
26:05 Padded Archer Armor
30:36 Ballistics
37:32 Wheelbarrow
36:42 Town Watch
37:46 Leather Archer Armor
41:16 Imperial Age
42:28 Ring Archer Armor
43:01 Chemistry
42:06 Elite Bolas Rider
43:43 Coinage
45:14 Medium Warships
46:29 Heavy Warships
苏东坡的粉丝
10:00 Loom
11:47 Feudal Age
12:49 Double-Bit Axe
13:51 Double-Bit Axe
18:44 Castle Age
17:27 Gold Mining
17:40 Fletching
18:45 Padded Archer Armor
20:36 Bodkin Arrow
20:03 Crossbowman
22:34 Bow Saw
27:21 Wheelbarrow
30:19 Horse Collar
32:12 Sanctity
32:24 Hand Cart
33:58 Town Watch
37:22 Imperial Age
35:31 Leather Archer Armor
36:55 Ballistics
37:41 Treadmill Crane
38:44 Bracer
39:47 Chemistry
39:00 Medium Warships
38:33 Demolition Ship
39:41 Squires
39:04 Elite Elephant Archer
40:11 Conscription
39:57 Paiks
40:33 Stone Mining
40:33 Gold Mining
40:46 Heavy Plow
41:50 Two-Man Saw
45:41 Pikeman
46:27 Halberdier
47:12 Scale Mail Armor
47:23 Forging
47:43 Ring Archer Armor
[FrCo] ClemoL
6:15 Double-Bit Axe
7:54 Loom
10:16 Feudal Age
11:36 Bow Saw
11:07 Horse Collar
11:58 Heavy Plow
17:16 Scale Barding Armor
18:17 Forging
19:42 Wheelbarrow
22:20 Castle Age
22:08 Fishing Lines
24:20 Two-Man Saw
23:51 Crop Rotation
26:45 Gold Mining
27:34 Hand Cart
27:06 Town Watch
27:34 Stone Mining
28:50 Gold Shaft Mining
29:01 Stone Shaft Mining
29:15 Fletching
29:57 Bodkin Arrow
35:45 Imperial Age
33:52 Iron Casting
33:58 Chain Barding Armor
35:38 Burgundian Vineyards
37:10 Plate Barding Armor
37:36 Blast Furnace
39:31 Conscription
40:53 Plate Barding Armor
41:18 Blast Furnace
40:12 Treadmill Crane
40:53 Ballistics
41:34 Chemistry
40:45 Masonry
41:03 Cavalier
41:43 Husbandry
42:24 Paladin
44:20 Bracer
44:53 Architecture
Daniel Chassagnez
7:47 Loom
11:22 Feudal Age
10:59 Double-Bit Axe
14:42 Fletching
15:29 Fishing Lines
17:57 Wheelbarrow
22:53 Castle Age
21:03 Padded Archer Armor
22:29 Bodkin Arrow
21:58 Crossbowman
22:58 Bow Saw
22:41 Town Watch
23:10 Thumb Ring
23:42 Leather Archer Armor
23:17 Town Watch
24:31 Gillnets
26:47 Medium Warships
27:14 Hand Cart
28:04 Ballistics
29:50 Town Patrol
30:01 Horse Collar
31:51 Heavy Plow
35:14 Imperial Age
34:43 Bracer
36:55 Ring Archer Armor
37:04 Heavy Warships
43:32 Arbalester
46:38 Chemistry
45:25 Elite Skirmisher
kitchiro
6:49 Loom
9:20 Feudal Age
9:52 Double-Bit Axe
9:50 Fishing Lines
17:50 Castle Age
17:03 Fletching
18:30 Bodkin Arrow
18:48 Bow Saw
20:16 Medium Warships
21:44 Horse Collar
22:37 Heavy Plow
26:59 Gold Mining
29:04 Ballistics
32:59 Imperial Age
30:55 Careening
31:43 Wheelbarrow
31:38 Clinker Construction
32:15 Gold Shaft Mining
32:56 Hand Cart
32:47 Stone Mining
33:48 Bracer
34:49 Chemistry
34:11 Dry Dock
34:12 Carvel Hull
35:41 Two-Man Saw
36:01 Caravan
36:12 Guilds
37:04 Shipwright
37:20 Siege Engineers
39:23 Conscription
44:04 Bolt Magazine
Ssiik
7:49 Loom
10:39 Feudal Age
11:09 Double-Bit Axe
13:05 Horse Collar
16:15 Forging
17:09 Scale Barding Armor
20:09 Fishing Lines
21:30 Scale Mail Armor
23:39 Castle Age
22:19 Bloodlines
22:42 Gold Mining
24:16 Wheelbarrow
24:46 Chain Barding Armor
27:48 Husbandry
32:18 Bow Saw
33:18 Stone Mining
34:16 Heavy Plow
37:01 Fletching
37:43 Bodkin Arrow
40:21 Imperial Age
38:18 Kasbah
38:50 Ballistics
39:35 Stone Shaft Mining
39:31 Caravan
39:41 Thumb Ring
39:54 Light Cavalry
41:02 Bracer
41:05 Padded Archer Armor
42:08 Chemistry
40:42 Elite Camel Archer
41:47 Conscription
42:43 Plate Barding Armor
46:28 Iron Casting
46:59 Leather Archer Armor
47:07 Hussar
Connection lost

Rejoining the realm…

Still unreachable

The connection could not be restored.

Session expired

The server has moved on; the page needs a fresh start.